Workbook

Sheet REF
A1: 01. USAQUÉN | B1: NINGUNO | E1: COD_UPGD | F1: RAZON_SOCIAL | G1: LOCALIDAD | H1: RED | J1: NO APLICA | M1: 1. CIERTAS ENFERMEDADES INFECCIOSAS Y PARASITARIAS
A2: 02. CHAPINERO | B2: ALIANSALUD | E2: 110010793902 | F2: CENTRO ADMINISTRATIVO Y ASISTENCIAL CM | G2: 02 - Chapinero | H2: 1 - Norte | J2: ACHAGUA | M2: 2. NEOPLASIAS
A3: 03. SANTAFE | B3: AIC DEL CAUCA EPSI | E3: 110010918629 | F3: UNIDAD RENAL SANITAS | G3: 01 - Usaquén | H3: 1 - Norte | J3: AMBALÓ | M3: 3. ENFERMEDADES DE LA SANGRE Y ÓRGANOS HEMATOPOYÉTICOS Y CIERTOS TRASTORNOS QUE AFECTAN AL MECANISMO INMUNOLÓGICO
A4: 04. SAN CRISTOBAL | B4: ALIANZA MEDELLIN ANTIOQUIA EPS S.A.S. "SAVIA SALUD EPS" | E4: 110011840601 | F4: CARLOS ARTURO RODRÌGUEZ SARMIENTO | G4: 15 - Antonio Nariño | H4: 2 - Centro Oriente | J4: AMORÚA | M4: 4. ENFERMEDADES ENDOCRINAS, NUTRICIONALES Y METABÓLICAS
A5: 05. USME | B5: ALLIANZ | E5: 110012378101 | F5: IPS SANANGEL | G5: 09 - Fontibón | H5: 3 - Sur Occidente | J5: ANDAKIES | M5: 5. TRASTORNOS MENTALES Y DE COMPORTAMIENTO
A6: 06. TUNJUELITO | B6: ANAS WAYUU | E6: 110010586811 | F6: UNIMEDICA SANTAFE KENNEDY II | G6: 08 - Kennedy | H6: 3 - Sur Occidente | J6: ANDOQUE | M6: 6. ENFERMEDADES DEL SISTEMA NERVIOSO
A7: 07. BOSA | B7: APC COLOMBIA | E7: 110010403509 | F7: CENTRO MEDICO COLMEDICA SEDE SALITRE CAPITAL | G7: 09 - Fontibón | H7: 3 - Sur Occidente | J7: AWÁ | M7: 7. ENFERMEDADES DEL APARATO CIRCULATORIO
A8: 08. KENNEDY | B8: ASMETSALUD | E8: 110012487401 | F8: PREVENTSALUD IPS SAS | G8: 15 - Antonio Nariño | H8: 2 - Centro Oriente | J8: BARÁ | M8: 8. ENFERMEDADES DEL APARATO RESPIRATORIO
A9: 09. FONTIBON | B9: ASOCIACION MUTUAL BARRIOS UNIDOS DE QUIBDÓ | E9: 110010037601 | F9: WILLIAM RICARDO CABRA CRUZ | G9: 02 - Chapinero | H9: 1 - Norte | J9: BARASANO | M9: 9. ENFERMEDADES DEL APARATO DIGESTIVO
A10: 10. ENGATIVÁ | B10: CAFESALUD EPS SA | E10: 110010952301 | F10: VIRREY SOLIS IPS SA OLAYA | G10: 18 - Rafael Uribe Uribe | H10: 2 - Centro Oriente | J10: BARÍ | M10: 10. ENFERMEDADES DEL APARATO MUSCULOESQUELÉTICO Y DEL TEJIDO CONECTIVO
A11: 11. SUBA | B11: CAFESALUD REGIMEN SUBSIDIADO | E11: 110010568101 | F11: FUNDACION HOSPITAL DE LA MISERICORDIA | G11: 14 - Los Mártires | H11: 2 - Centro Oriente | J11: BETOYE | M11: 11. ENFERMEDADES DEL APARATO GENITOURINARIO
A12: 12. BARRIOS UNIDOS | B12: CAJACOPI | E12: 110010580001 | F12: VIVIR IPS SAS COUNTRY SUR | G12: 04 - San Cristóbal | H12: 2 - Centro Oriente | J12: BORA | M12: 12. CIERTAS AFECCIONES ORIGINADAS EN EL PERIODO PERINATAL
A13: 13. TEUSAQUILLO | B13: CAPITAL SALUD | E13: 110010817157 | F13: PUNTO DE ATENCION EN SALUD SURA SUR | G13: 15 - Antonio Nariño | H13: 2 - Centro Oriente | J13: CAÑAMOMO | M13: 13. MALFORMACIONES CONGÉNITAS, DEFORMIDADES Y ANOMALÍAS CROMOSÓMICAS
A14: 14. LOS MARTIRES | B14: CAPRESOCA | E14: 110010857202 | F14: REDIMED IPS CENTRO RADIOLOGICO DEL SUR | G14: 18 - Rafael Uribe Uribe | H14: 2 - Centro Oriente | J14: CARAPANA | M14: 14. NINGUNA
A15: 15. ANTONIO NARIÑO | B15: COLMÉDICA | E15: 110011475701 | F15: CEDI SALUD FAMILIAR JUAN PABLO II IPS SAS | G15: 18 - Rafael Uribe Uribe | H15: 2 - Centro Oriente | J15: CHIMILAS - ETTE ENEKA
A16: 16. PUENTE ARANDA | B16: COLPATRIA | E16: 110012688701 | F16: CLINICA CENTENARIO SAS | G16: 14 - Los Mártires | H16: 2 - Centro Oriente | J16: CHIRICOA
A17: 17. CANDELARIA | B17: COMFABOY | E17: 110010606501 | F17: INSTITUTO NACIONAL DE CANCEROLOGIA | G17: 04 - San Cristóbal | H17: 2 - Centro Oriente | J17: COCAMA
A18: 18. RAFAEL URIBE URIBE | B18: COMFACHOCO | E18: 110010952308 | F18: VIRREY SOLIS IPS SA SANTA LUCIA | G18: 18 - Rafael Uribe Uribe | H18: 2 - Centro Oriente | J18: COYAIMA
A19: 19. CIUDAD BOLIVAR | B19: COMFACOR | E19: 110010559713 | F19: CENTRO DE ATENCIËN EN SALUD CAFAM CENTENARIO | G19: 18 - Rafael Uribe Uribe | H19: 2 - Centro Oriente | J19: CURRIPAKO
A20: 20. SUMAPAZ | B20: COMFACUNDI | E20: 110010867901 | F20: SOCIEDAD DE CIRUGIA DE BOGOTA HOSPITAL DE SAN JOSE | G20: 14 - Los Mártires | H20: 2 - Centro Oriente | J20: DESANO
A21: 21. FUERA DE BOGOTÁ | B21: COMFAMILIAR CARTAGENA | E21: 110010817134 | F21: CENTRO MEDICO COLSUBSIDIO RESTREPO | G21: 15 - Antonio Nariño | H21: 2 - Centro Oriente | J21: DUJO
A22: 22. DESCONOCIDA POR EL GEORREFERENCIADOR | B22: COMFAMILIAR DE NARIÑO | E22: 110010861304 | F22: MEDIEXPRESS SEDE 4 | G22: 17 - La Candelaria | H22: 2 - Centro Oriente | J22: EMBERA CHAMI
B23: COMFAMILIAR HUILA | E23: 110010887101 | F23: ALVARO NIETO PAREJA | G23: 18 - Rafael Uribe Uribe | H23: 2 - Centro Oriente | J23: EMBERA DOBIDÁ
B24: COMFAORIENTE | E24: 110011104801 | F24: CENDIATRA PRINCIPAL | G24: 03 - Santafe | H24: 2 - Centro Oriente | J24: EMBERA EYABIDA - EMBERA KATÍO
B25: COMFAORIENTE EPSS | E25: 110010686302 | F25: DEPARTAMENTO MEDICO | G25: 17 - La Candelaria | H25: 2 - Centro Oriente | J25: EPERARA SIAPIDARA
B26: COMFASUCRE | E26: 110010443901 | F26: GUILLERMO DIAZ GUEVARA | G26: 09 - Fontibón | H26: 3 - Sur Occidente | J26: GUANACO
B27: COMFENALCO VALLE | E27: 110010559705 | F27: CENTRO DE ATENCION EN SALUD CAFAM KENNEDY | G27: 08 - Kennedy | H27: 3 - Sur Occidente | J27: GUANADULE - TULE - CUNA
B28: COMPARTA | E28: 110010733502 | F28: UNIDAD DE SERVICIOS KENNEDY | G28: 08 - Kennedy | H28: 3 - Sur Occidente | J28: GUANE
B29: COMPENSAR | E29: 110010733522 | F29: UNIDAD DE SERVICIOS FONTIBON | G29: 09 - Fontibón | H29: 3 - Sur Occidente | J29: HITNÜ- MACAGUÁN
B30: COOMEVA | E30: 110010773701 | F30: CENTRO ASISTENCIAL MADRE BERNARDA | G30: 09 - Fontibón | H30: 3 - Sur Occidente | J30: HUPDË - HUPDAH - HUPDU
B31: COOSALUD | E31: 110010877801 | F31: CARMENZA FORERO BUITRAGO | G31: 07 - Bosa | H31: 3 - Sur Occidente | J31: IJKU - ARHUACO
B32: CRUZ BLANCA | E32: 110010942402 | F32: FUNDACION MEDICA MIRA TU SALUD | G32: 08 - Kennedy | H32: 3 - Sur Occidente | J32: INGA
B33: DUSAKAWI EPSI | E33: 110010952309 | F33: VIRREY SOLIS IPS SA FONTIBON | G33: 09 - Fontibón | H33: 3 - Sur Occidente | J33: JIW - GUAYABERO
B34: ECOOPSOS | E34: 110010952310 | F34: VIRREY SOLIS IPS SA AMERICAS | G34: 16 - Puente Aranda | H34: 3 - Sur Occidente | J34: JUDPA - JUJUPDA
... B62: EPS FAMILIAR DE COLOMBIA SAS | E62: 110010201601 | F62: BETHSY MIRIAM DUSSAN VIVAR | G62: 01 - Usaquén | H62: 1 - Norte | J62: PASTO
E63: 110010313001 | F63: LEONIDAS ABAUNZA GAMEZ | G63: 10 - Engativá | H63: 1 - Norte | J63: PIAPOCO
E64: 110010313201 | F64: SAMUEL ABAUNZA GAMEZ | G64: 10 - Engativá | H64: 1 - Norte | J64: PIAROA
E65: 110010703701 | F65: POLICLINICO SOCIAL DEL NORTE LTDA | G65: 01 - Usaquén | H65: 1 - Norte | J65: PIJAO
E66: 110010911101 | F66: FUNDACION CARDIO INFANTIL INSTITUTO DE CARDIOLOGIA | G66: 01 - Usaquén | H66: 1 - Norte | J66: PIRATAPUYO
E67: 110010922501 | F67: CLUB DE LEONES BOGOTA ANTONIO NARIÑO | G67: 10 - Engativá | H67: 1 - Norte | J67: PISAMIRA
E68: 110011054801 | F68: ARSENIO UMBARILA PINZON | G68: 11 - Suba | H68: 1 - Norte | J68: POLINDARA
E69: 110011087901 | F69: EMERMEDICA SA BOGOTA | G69: 01 - Usaquén | H69: 1 - Norte | J69: PUBENSE
E70: 110013029101 | F70: UNIDAD DE SERVICIOS DE SALUD SIMON BOLIVAR | G70: 01 - Usaquén | H70: 1 - Norte | J70: PUINAVE
E71: 110013029110 | F71: UNIDAD DE SERVICIOS DE SALUD BELLAVISTA | G71: 10 - Engativá | H71: 1 - Norte | J71: QUICHUA
E72: 110013029113 | F72: UNIDAD DE SERVICIOS DE SALUD ESPAÑOLA | G72: 10 - Engativá | H72: 1 - Norte | J72: QUILLACINGA
E73: 110013029115 | F73: UNIDAD DE SERVICIOS DE SALUD SUBA | G73: 11 - Suba | H73: 1 - Norte | J73: QUIZGÓ
E74: 110013029417 | F74: UNIDAD DE SERVICIOS DE SALUD PASQUILLA | G74: 19 - Ciudad Bolívar | H74: 4 - Sur | J74: SÁLIBA
... E107: 110010843701 | F107: CLINICA DE ORTOPEDIA Y ACCIDENTES LABORALES | G107: 08 - Kennedy | H107: 3 - Sur Occidente | J107: ZENÚ
E108: 110010919912 | F108: JAVESALUD ALLIANZ | G108: 01 - Usaquén | H108: 1 - Norte
E109: 110010952314 | F109: VIRREY SOLIS IPS SA AUTOPISTA NORTE CALLE 162 | G109: 01 - Usaquén | H109: 1 - Norte
E110: 110012041401 | F110: CLINICA SANTA TERESITA DEL NIÑO JESUS SA | G110: 09 - Fontibón | H110: 3 - Sur Occidente
E111: 110012726601 | F111: UNIMOS SALUD SAS | G111: 08 - Kennedy | H111: 3 - Sur Occidente
E112: 110013029431 | F112: UNIDAD DE SERVICIOS DE SALUD SANTA LIBRADA I | G112: 05 - Usme | H112: 4 - Sur
E113: 110010126401 | F113: CARLOS ARTURO DIAZ TAMARA | G113: 02 - Chapinero | H113: 1 - Norte
E114: 110010315503 | F114: CENTRO DE CUIDADO INTERMEDIO | G114: 13 - Teusaquillo | H114: 1 - Norte
E115: 110010525901 | F115: LUIS GUILLERMO DEAZA TIBAQUIRA | G115: 16 - Puente Aranda | H115: 3 - Sur Occidente
E116: 110010858201 | F116: DIEGO MAURICIO PALENCIA GUERRERO | G116: 01 - Usaquén | H116: 1 - Norte
E117: 110011074901 | F117: RUBEN GUTIERREZ QUINTERO | G117: 16 - Puente Aranda | H117: 3 - Sur Occidente
E118: 110011202501 | F118: PEDRO ALFONSO CASTAÑEDA VILLA | G118: 08 - Kennedy | H118: 3 - Sur Occidente
E119: 110011202601 | F119: ROCIO DEL PILAR SANCHEZ GONZALEZ | G119: 08 - Kennedy | H119: 3 - Sur Occidente
... E1058: 110019660009 | F1058: ÁREA DE VIGILANCIA Y CONTROL ZOONOSIS | G1058: 10 - Engativá | H1058: 1 - Norte
E1059: 110019100855 | F1059: COMPENSAR EPS | G1059: EPS
E1060: 110010751901 | F1060: FUNDACION LIBERATE | G1060: 11 - Suba | H1060: 1 - Norte
E1061: 110013924101 | F1061: MENTAL HEALTH IPS SAS | G1061: 10 - Engativá | H1061: 1 - Norte
E1062: 110013826601 | F1062: INMUNOPRINT SAS | G1062: 02 - Chapinero | H1062: 1 - Norte
E1063: 110012877402 | F1063: CLINICA MANUELA | G1063: 10 - Engativá | H1063: 1 - Norte
E1064: 110010899505 | F1064: PROFAMILIA CENTRO PARA JÓVENES | G1064: 13 - Teusaquillo | H1064: 1 - Norte
E1065: 110010571125 | F1065: VITALEA 117 | G1065: 01 - Usaquén | H1065: 1 - Norte
E1066: 110013830801 | F1066: CORAZON VIDA IPS SAS | G1066: 02 - Chapinero | H1066: 1 - Norte
E1067: 110012385501 | F1067: GUILLERMO ENRIQUE QUINTERO VEGA | G1067: 01 - Usaquén | H1067: 1 - Norte
E1068: 110013954701 | F1068: ASISTENCIA MEDICA DE BOGOTA IPS SAS AMEB IPS | G1068: 13 - Teusaquillo | H1068: 1 - Norte
E1069: 110011503502 | F1069: PATRICIA ESPERANZA ESTRADA QUINTERO | G1069: 10 - Engativá | H1069: 1 - Norte
E1070: 110012498201 | F1070: AYUDA CLINICA ASOCIADOS SAS SIGLA ACA SAS | G1070: 01 - Usaquén | H1070: 1 - Norte
E1071: 110012123816 | F1071: BIENESTAR IPS CENTRO DE DIAGNOSTICO BOGOTA | G1071: 12 - Barrios Unidos | H1071: 1 - Norte
... E1142: 110010000001 | F1142: SECRETARIA DISTRITAL DE SALUD | G1142: 16 - Puente Aranda | H1142: 3 - Sur Occidente
E1143: 110010000010 | F1143: INSTITUTO NACIONAL DE SALUD | G1143: INS
E1144: 110010100001 | F1144: SUBRED NORTE USAQUEN 01 | G1144: 01 - Usaquén | H1144: 1 - Norte
E1145: 110010778212 | F1145: IPS SURA COUNTRY | G1145: 02 - Chapinero | H1145: 1 - Norte
E1146: 110012999903 | F1146: HOSPITAL PARA TODOS PROTEGER IPS BOGOTA | G1146: 12 - Barrios Unidos | H1146: 1 - Norte
E1147: 110013090901 | F1147: JOHN JAIRO CRUZ RUBIO | G1147: 06 - Tunjuelito | H1147: 4 - Sur
E1148: 110014025501 | F1148: YULI ARIAN ALDANA PABON | G1148: 12 - Barrios Unidos | H1148: 1 - Norte
E1149: 110019100155 | F1149: ALIANSALUD CONTRIBUTIVO | G1149: EPS
E1150: 110019100255 | F1150: SALUD TOTAL EPS | G1150: EPS
E1151: 110019100555 | F1151: EPS SANITAS | G1151: EPS
E1152: 110019101755 | F1152: EPS FAMISANAR SAS | G1152: 02 - Chapinero | H1152: 1 - Norte
E1153: 110019103755 | F1153: NUEVA EMPRESA PROMOTORA DE SALUD SA | G1153: 10 - Engativá | H1153: 1 - Norte
E1154: 110019104455 | F1154: MEDIMAS EPS SAS | G1154: EPS
E1155: 110019104755 | F1155: EAPB SALUD BOLÍVAR | G1155: EPS
E1156: 110019203455 | F1156: CAPITAL SALUD EPS | G1156: EPS
E1157: 110019300255 | F1157: ECOPETROL SA | G1157: EPS
E1158: 110019300855 | F1158: UNISALUD EAPB | G1158: EPS
E1159: 110010571126 | F1159: VITALEA NIZA | G1159: 11 - Suba | H1159: 1 - Norte
E1160: 110013630037 | F1160: CENTRO DE ATENCIÓN EXCLUSIVO | G1160: 01 - Usaquén | H1160: 1 - Norte
E1161: 110014078201 | F1161: GERMAN ALBERTO TOLEDO DE LA VEGA | G1161: 02 - Chapinero | H1161: 1 - Norte
E1162: 110014086901 | F1162: ANA TATIANA PALACIOS TORRES | G1162: 01 - Usaquén | H1162: 1 - Norte
E1163: 110019800190 | F1163: LIGA COLOMBIANA DE LUCHA CONTRA EL SIDA | G1163: 13 - Teusaquillo | H1163: 1 - Norte
E1164: 110013630038 | F1164: CENTRO MEDICO COLSANITAS VIRTUAL | G1164: 01 - Usaquén | H1164: 1 - Norte
E1165: 110010922112 | F1165: SERVIMED IPS SA CLINICA MODELIA | G1165: 09 - Fontibón | H1165: 3 - Sur Occidente
E1166: 110013161601 | F1166: PAULA ANDREA SOLANO GOMEZ | G1166: 02 - Chapinero | H1166: 1 - Norte
E1167: 110014061001 | F1167: ORIGEN NATURAL IPS SAS | G1167: 02 - Chapinero | H1167: 1 - Norte
...

Sheet MENORES_18_AÑOS
A1: SISTEMA DE VIGILANCIA EPIDEMIOLÓGICA ALIMENTARIA Y NUTRICIONAL - SISVAN - PARA NIÑOS, NIÑAS Y ADOLESCENTES MENORES DE 18 AÑOS | AF1: Variables Georreferenciación para uso exclusivo de las Subredes integradas de Servicios de Salud y SDS
A2: UPGD (No diligencie) | B2: CODIGO DE UPGD (Diligencie) | C2: TIPO UPGD | D2: SUBRED | E2: LOCALIDAD UPGD (Seleccione de la lista) | F2: SERVICIO (Seleccione de la lista) | G2: FECHA DE CONSULTA (Diligencie en formato DD/MM/AAAA) | H2: TIPO ID (Seleccione de la lista) | I2: ID (Diligencie) | J2: PRIMER NOMBRE (Diligencie) | K2: SEGUNDO NOMBRE (Diligencie) | L2: PRIMER APELLIDO (Diligencie) | M2: SEGUNDO APELLIDO (Diligencie) | N2: DIRECCIÓN RESIDENCIA (Diligencie según manual de nomenclatura) | O2: LOCALIDAD DE RESIDENCIA (Seleccione de la lista) | P2: TELEFONO (Diligencie) | Q2: GRUPO POBLACIONAL (Seleccione de la lista) | R2: FECHA NACIMIENTO (Diligencie en formato DD/MM/AAAA) | S2: SEXO (Seleccione de la lista | T2: PERTENENCIA ÉTNICA (Seleccione de la lista | U2: ETNIA (Diligencie) | V2: PESO (Kg, con 1 decimal) | W2: TALLA (cm, con 1 decimal) | X2: PERIMETRO BRAQUEAL (cm, con 1 decimal) | Y2: CLASIFICACIÓN PATOLOGÍA (Seleccione de la lista) | Z2: CÓDIGO CIE-10 EJEMPLO: A009 o NINGUNA | AA2: CÁLCULO EDAD EN MESES | AB2: LACTANCIA MATERNA EXCLUSIVA (Seleccione de la lista) | AC2: LACTANCIA MATERNA COMPLEMENTARIA (Seleccione de la lista) | AD2: TIPO DE AFILIACIÓN (Seleccione de la lista) | AE2: ENTIDAD (Seleccione de la lista) | AF2: X (Digite valor numérico con decimales) | AG2: Y (Digite valor numérico con decimales) | AH2: UPZCOD (UPZ___ y código) | AI2: UPZNOM (Nombre de la UPZ) | AJ2: LOCGEO (N y nombre de localidad geocodificada) | AK2: LOCREGISTRO (N y nombre localidad residencia columna O) | AL2: VALIDACIÒN LOCALIDAD (Comparación Locgeo y Locreg)
A3: UNIDAD DE SALUD E BUENA VISTA | C3: PUBLICA | D3: NORTE | E3: 01. USAQUÉN | F3: Valoracion Integral | G3: 46218 | H3: 2. TI | I3: 1014673031 | J3: VALERIE | K3: VALENTINA | L3: LOPEZ | M3: LEMUS | N3: KR2 189C 23 | O3: 01. USAQUÉN | P3: 3209536105 | Q3: Otros grupos poblacionales | R3: 41257 | S3: F | T3: Sin pertenencia étnica | U3: NO APLICA | V3: 40.2 | W3: 143 | Y3: 14. NINGUNA | Z3: Z003 | AA3: =(G3-R3)/30.4375 -> 162.98973 | AB3: No | AC3: No | AD3: 4. Subsidiado | AE3: FAMISANAR
A4: UNIDAD DE SALUD E BUENA VISTA | C4: PUBLICA | D4: NORTE | E4: 01. USAQUÉN | F4: Valoracion Integral | G4: 46219 | H4: 2. TI | I4: 1119893159 | J4: SARA | K4: SALOME | L4: DIAZ | M4: MOSQUERA | N4: KR 4 185A 03 | O4: 01. USAQUÉN | P4: 3224776426 | Q4: Otros grupos poblacionales | R4: 42124 | S4: F | T4: Negro o afrocolombiano | U4: NO APLICA | V4: 62.2 | W4: 154.5 | Y4: 14. NINGUNA | Z4: Z002 | AA4: 163 | AB4: No | AC4: No | AD4: 4. Subsidiado | AE4: FAMISANAR
A5: UNIDAD DE SALUD E BUENA VISTA | C5: PUBLICA | D5: NORTE | E5: 01. USAQUÉN | F5: Valoracion Integral | G5: 46220 | H5: 1. RC | I5: 1020853860 | J5: JEAN | K5: PAUL | L5: LOPEZ | M5: ORDONEZ | N5: KR 2 BIS 185A 37 | O5: 01. USAQUÉN | P5: 3118958053 | Q5: Otros grupos poblacionales | R5: 45642 | S5: M | T5: Sin pertenencia étnica | U5: NO APLICA | V5: 9.6 | W5: 79.5 | Y5: 14. NINGUNA | Z5: Z001 | AA5: 18 | AB5: No | AC5: No | AD5: 4. Subsidiado | AE5: CAPITAL SALUD
A6: UNIDAD DE SALUD E BUENA VISTA | C6: PUBLICA | D6: NORTE | E6: 01. USAQUÉN | F6: Valoracion Integral | G6: 46220 | H6: 2. TI | I6: 1028406649 | J6: ESTEFANY | L6: BONILLA | M6: BLANCO | N6: KR 8 192 30 | O6: 01. USAQUÉN | P6: 3107959708 | Q6: Otros grupos poblacionales | R6: 42131 | S6: F | T6: Sin pertenencia étnica | U6: NO APLICA | V6: 46.1 | W6: 150 | Y6: 14. NINGUNA | Z6: Z002 | AA6: =(G6-R6)/30.4375 -> 134.34086 | AB6: No | AC6: No | AD6: 4. Subsidiado | AE6: CAPITAL SALUD
A7: =IFERROR(VLOOKUP(B7,REF!E:H,2,FALSE),"")
A8: =IFERROR(VLOOKUP(B8,REF!E:H,2,FALSE),"") | AA8: =(G8-R8)/30.4375 -> 0
A9: =IFERROR(VLOOKUP(B9,REF!E:H,2,FALSE),"") | AA9: =(G9-R9)/30.4375 -> 0
A10: =IFERROR(VLOOKUP(B10,REF!E:H,2,FALSE),"") | AA10: =(G10-R10)/30.4375 -> 0
A11: =IFERROR(VLOOKUP(B11,REF!E:H,2,FALSE),"") | AA11: =(G11-R11)/30.4375 -> 0
A12: =IFERROR(VLOOKUP(B12,REF!E:H,2,FALSE),"") | AA12: =(G12-R12)/30.4375 -> 0
A13: =IFERROR(VLOOKUP(B13,REF!E:H,2,FALSE),"") | AA13: =(G13-R13)/30.4375 -> 0
A14: =IFERROR(VLOOKUP(B14,REF!E:H,2,FALSE),"") | AA14: =(G14-R14)/30.4375 -> 0
A15: =IFERROR(VLOOKUP(B15,REF!E:H,2,FALSE),"") | AA15: =(G15-R15)/30.4375 -> 0
A16: =IFERROR(VLOOKUP(B16,REF!E:H,2,FALSE),"") | AA16: =(G16-R16)/30.4375 -> 0
A17: =IFERROR(VLOOKUP(B17,REF!E:H,2,FALSE),"") | AA17: =(G17-R17)/30.4375 -> 0
A18: =IFERROR(VLOOKUP(B18,REF!E:H,2,FALSE),"") | AA18: =(G18-R18)/30.4375 -> 0
A19: =IFERROR(VLOOKUP(B19,REF!E:H,2,FALSE),"") | AA19: =(G19-R19)/30.4375 -> 0
... A130: =IFERROR(VLOOKUP(B130,REF!E:H,2,FALSE),"") | AA130: =(G130-R130)/30.4375 -> 0
A131: =IFERROR(VLOOKUP(B129,REF!E:H,2,FALSE),"")
A132: =IFERROR(VLOOKUP(B130,REF!E:H,2,FALSE),"")

Sheet Proteccion de datos
A1: Políticas y protección de datos personales La seguridad de la información resultante del proceso de VSP, se genera a través de mecanismos que respalden la información en relación con la integridad y la confidencialidad. Este proceso no es solo responsabilidad de la Subred sino de toda institución que produce datos relevantes para aportar al desarrollo social y que detallen variables de identificación personal. Con el diligenciamiento del presente formato/herramienta/lista/cuestionario (ajustar según corresponda) manifiesto que he sido previamente informado y en ese sentido autorizo de manera libre y expresa a la Subred Integrada de Servicios de Salud Norte/Sur/Sur Occidente/Centro Oriente E.S.E. (ajustar según corresponda) y a la Secretaría Distrital de Salud para que, realicen la recolección, almacenamiento, uso y en general, tratamiento de los datos personales de conformidad con la Ley 1581 de 2012, el Decreto 1377 de 2013, la Política de Protección y Tratamiento de Datos Personales de la Secretaría Distrital de Salud y el Fondo Financiero Distrital de Salud, disponible en https://www.saludcapital.gov.co/Documents/Politica_Proteccion_Datos_P.pdf y la Política de Protección y Tratamiento de Datos Personales (o su equivalente) de la Subred Integrada de Servicios de Salud Norte/Sur/Sur Occidente/Centro Oriente E.S.E., disponible en XXXXXXX (diligenciar según corresponda). Así mismo he sido informado el carácter facultativo a que tengo derecho como titilar del dato a responder preguntas que versen sobre datos sensibles ((1) (*) (°) Es el dato que afecta la intimidad del titular o cuyo uso indebido puede generar su discriminación)
